 Dungeon Crawl Stone Soup version 0.29.1-1-gd02db6906a (webtiles) character file.

Game seed: 9391461946231933616

14 GeoRichter the Slasher (level 2, -8/22 HPs)
             Began as a Merfolk Gladiator on Oct 20, 2022.
             Mangled by a kobold
             ... wielding a +0 whip of electrocution
              (19 damage)
             ... on level 1 of the Dungeon.
             The game lasted 00:00:41 (165 turns).

GeoRichter the Slasher (Merfolk Gladiator)           Turns: 165, Time: 00:00:41

Health: -8/22      AC:  4    Str: 14    XL:     2   Next: 45%
Magic:  2/2        EV: 13    Int:  7    God:
Gold:   8          SH:  0    Dex: 15    Spells: 1/1 levels left

rFire   . . .      SeeInvis .   a - +0 long sword
rCold   . . .      Faith    .   (no shield)
rNeg    . . .      Spirit   .   b - +0 leather armour
rPois   .          Reflect  .   c - +0 helmet
rElec   .          Harm     .   (no cloak)
rCorr   .          Rampage  .   (no gloves)
Will    .....                   (no boots)
Stlth   +.........              (no amulet)
HPRegen 0.07/turn               (no ring)
MPRegen 0.08/turn               (no ring)

@: no status effects
A: (nimble swimmer 2), mertail
a: no special abilities


You were on level 1 of the Dungeon.
You visited 1 branch of the dungeon, and saw 1 of its levels.

You collected 8 gold pieces.

Inventory:

Hand Weapons
 a - a +0 long sword (weapon)
Missiles
 d - 3 throwing nets (quivered) {!f}
 e - a javelin
Armour
 b - a +0 leather armour (worn)
 c - a +0 helmet (worn)
Scrolls
 g - a scroll of teleportation {unknown}
 h - a scroll of poison {unknown}
Potions
 f - 2 potions of lignification {unknown}


   Skills:
 - Level 2.1 Fighting
 * Level 4.6 Long Blades
 - Level 2.0 Throwing
 - Level 4.0 Dodging


You had one spell level left.
You didn't know any spells.
Your spell library was empty.

Dungeon Overview and Level Annotations

Branches:
Dungeon (1/15) Zot: 5827

Altars:


Innate Abilities, Weirdness & Mutations

((You are very nimble when in or above water. (Stealth+, EV+, Speed+++)))
Your lower body shifts to a powerful aquatic tail in water.


Message History

You slash the giant cockroach!
You kill the giant cockroach!
You slash the rat!
You kill the rat!
No target in view!
A kobold comes into view. It is wielding a +0 club.
The kobold shouts!
A ball python comes into view.
You see here a scroll labelled KOHUOS JUUROPP.
There are monsters nearby!
h - a scroll labelled KOHUOS JUUROPP A rat comes into view.
The ball python hisses angrily.
You see here 3 stones.
You slash the kobold!
You kill the kobold!
You barely miss the ball python. The ball python barely misses you.
The ball python grabs you. The ball python constricts you.
You closely miss the ball python. The ball python closely misses you.
The ball python constricts you.
You closely miss the ball python. The ball python barely misses you.
The ball python constricts you. The rat bites you but does no damage.
The ball python bites you but does no damage.
The ball python constricts you.
You hit the ball python.
You kill the ball python!
The rat misses you.
You closely miss the rat. The rat bites you but does no damage.
The rat closely misses you.
You closely miss the rat.
A kobold comes into view.
It is wielding a +0 whip of electrocution.
The rat closely misses you.
The kobold shouts!
You hit the rat but do no damage.
You hear a shout!
The rat bites you but does no damage.
You barely miss the rat. The rat bites you.
You barely miss the rat. The rat bites you.
You slash the rat!
You kill the rat!
A goblin comes into view. It is wielding a +0 dagger.
The kobold hits you with a +0 whip of electrocution.
You completely miss the kobold. The kobold closely misses you.
You barely miss the kobold. The kobold closely misses you.
You barely miss the kobold.
The kobold hits you with a +0 whip of electrocution.
* * * LOW HITPOINT WARNING * * *
You are electrocuted!!
Ouch! That really hurt!
You die...

.#....#### ........
...........# ########
##..........# #
#...........# ####
#g.........# ###... ##.
#...).....#####.....
#...#.............#.#...
#..†K..........#.####
#.)@..........#.#
#.............#.###
#..................#
#....######........#
.....## #...........#
###### #...........#
#..†........#
#...........#
#..†).###.###


You could see a goblin and a kobold.

Vanquished Creatures
  A bat (D:1)
  2 endoplasms (D:1)
  A giant cockroach (D:1)
  A goblin (D:1)
  A quokka (D:1)
  3 ball pythons (D:1)
  2 kobolds (D:1)
  3 rats (D:1)
14 creatures vanquished.

Notes
Turn   | Place    | Note
-------+----------+-------------------------------------------
     0 | D:1      | GeoRichter the Merfolk Gladiator began the quest for the
                  | Orb.
     0 | D:1      | Reached XP level 1. HP: 16/16 MP: 1/1
   116 | D:1      | Reached XP level 2. HP: 22/22 MP: 2/2
   165 | D:1      | Mangled by a kobold

Illustrated notes

Levels and vault maps discovered:
D:1:      minmay_arrival_four_loops, layout_basic,
          hellmonk_ecumenical_altar_inner_sanctum, minmay_ruptured

Skill      XL: |  1 |
---------------+----+-----
Long Blades    | 4 |  4.6
Fighting       | |  2.1
Throwing       | |  2.0
Dodging        | |  4.0

Action                   || total
-------------------------++-------
Melee: Long sword        ||    35
       Punch             ||     2
 Stab: Sleeping          ||     1
Armor: Leather armour    ||    12
Dodge: Dodged            ||    22
